 Dungeon Crawl Stone Soup version 0.29-a0-414-g5075937 (webtiles) character file.

Game seed: 5063674597283545830

52 Geeful the Insei (level 3, -1/24 HPs)
             Began as an Octopode Transmuter on May 15, 2022.
             Slain by a jackal (3 damage)
             ... on level 2 of the Dungeon.
             The game lasted 00:05:57 (1637 turns).

Geeful the Insei (Octopode Transmuter)              Turns: 1637, Time: 00:05:57

Health: -1/24      AC:  1    Str:  9    XL:     3   Next: 85%
Magic:  3/6        EV: 13    Int: 15    God:
Gold:   14         SH:  0    Dex: 14    Spells: 0/6 levels left

rFire   . . .      SeeInvis .     - Unarmed
rCold   . . .      Faith    .   (no shield)
rNeg    . . .      Spirit   .   (helmet currently unavailable)
rPois   .          Reflect  .   (no amulet)
rElec   .          Harm     .   (no ring)
rCorr   .          Rampage  .   (no ring)
Will    .....                   (no ring)
Stlth   +++.......              (no ring)
HPRegen 0.08/turn               (no ring)
MPRegen 0.10/turn               (no ring)
                                (no ring)
                                (no ring)

@: lethally poisoned (-1 -> -2), appendages (expiring), wereblooded
A: tentacle spike 3, almost no armour, amphibious, 8 rings, camouflage 1,
gelatinous body 1, (nimble swimmer 1), tentacles
a: End Transformation


You were on level 2 of the Dungeon.
One of your tentacles had grown a beastly spike.
You visited 1 branch of the dungeon, and saw 2 of its levels.

You collected 14 gold pieces.

Inventory:

Scrolls
 b - a scroll of teleportation {unknown}
 c - 2 scrolls of identify {unknown}
 d - a scroll of poison {unknown}
Potions
 a - a potion of lignification
 e - a potion of curing {unknown}
 f - a potion of heal wounds {unknown}


   Skills:
 + Level 1.7 Fighting
 + Level 2.3 Dodging
 + Level 1.6 Stealth
 + Level 3.2 Unarmed Combat
 + Level 2.3 Spellcasting
 + Level 2.4 Transmutations


You couldn't memorise any spells.
You knew the following spells:

 Your Spells              Type           Power      Damage    Failure   Level
a - Beastly Appendage     Tmut           18%        N/A       8%          1
b - Wereblood             Tmut           9%         N/A       12%         2
c - Spider Form           Tmut/Pois      5%         N/A       36%         3

Your spell library contained the following spells:

 Spells                   Type           Power      Damage    Failure   Level
 Ice Form                 Ice/Tmut       5%         N/A       78%         4


Dungeon Overview and Level Annotations

Branches:
Dungeon (2/15)

Altars:


Innate Abilities, Weirdness & Mutations

One of your tentacles has grown a beastly spike.
You cannot wear most types of armour.
You are amphibious.
You can wear up to eight rings at the same time.
Your skin changes colour to match your surroundings (Stealth+).
Your rubbery body absorbs attacks. (AC +1, EV +1)
((You are camouflaged when in or above water. (Stealth+)))
You have tentacles for arms and can constrict up to eight enemies at once.


Message History

The adder is lightly wounded.
You constrict the adder.
You feel sick. The adder bites you.
You are more poisoned.
The adder poisons you! The adder closely misses you.
You tentacle-slap the adder.
You pierce the adder, but do no damage.
The adder is heavily wounded.
You constrict the adder.
You feel sick. The adder bites you.
You barely miss the adder.
You squeeze the adder, but do no damage.
The adder is severely wounded.
You constrict the adder.
You feel sick.
A jackal comes into view.
The adder completely misses you.
You barely miss the adder.
Your tentacle spike misses the adder.
You squeeze the adder.
You feel a bit better.
You kill the adder!
Your transformation is almost over.
You feel sick. The jackal completely misses you.
Your magical contamination has completely faded away.
You tentacle-slap the jackal. Your grab misses the jackal.
Your squeeze misses the jackal.
The jackal is moderately wounded.
You feel sick. The jackal bites you.
* * * LOW HITPOINT WARNING * * *
You tentacle-slap the jackal. Your grab misses the jackal.
You pierce the jackal, but do no damage.
The jackal is severely wounded.
You feel sick.
The jackal bites you but does no damage.
You closely miss the jackal. Your grab misses the jackal.
The jackal is heavily wounded.
You feel sick. The jackal bites you.
* * * LOW HITPOINT WARNING * * *
You closely miss the jackal. You grab the jackal.
Your tentacle-slap misses the jackal.
The jackal is heavily wounded.
You constrict the jackal.
You feel sick. The jackal bites you.
* * * LOW HITPOINT WARNING * * *
The jackal bites you.
You die...

## .. #. ..
.##. #.#[..#
. #.....#.##
#......... #
....#...^
#.###.#......
#..@hh.......
#####.##!....
##.## ...
#...# . #...#
#...# #.###
#.# #.#


You could see 2 jackals.

Vanquished Creatures
  An adder (D:2)
  2 dart slugs (D:1)
  9 ball pythons (D:1)
  A bat (D:1)
  3 endoplasms
  2 giant cockroaches (D:1)
  2 goblins (D:1)
  3 hobgoblins
  5 jackals
  A quokka (D:1)
  A frilled lizard (D:1)
  A kobold (D:1)
  3 rats (D:1)
34 creatures vanquished.

Vanquished Creatures (others)
  A bat (D:2)
  4 toadstools (D:1)
5 creatures vanquished.

Grand Total: 39 creatures vanquished

Notes
Turn   | Place    | Note
-------+----------+-------------------------------------------
     0 | D:1      | Geeful the Octopode Transmuter began the quest for the Orb.
     0 | D:1      | Reached XP level 1. HP: 13/13 MP: 3/3
    90 | D:1      | Reached XP level 2. HP: 16/18 MP: 3/5
   393 | D:1      | Reached skill level 1 in Stealth
   698 | D:1      | Reached XP level 3. HP: 20/23 MP: 6/6
  1461 | D:1      | Learned a level 2 spell: Wereblood
  1465 | D:1      | Learned a level 3 spell: Spider Form
  1637 | D:2      | Slain by a jackal

Illustrated notes

Levels and vault maps discovered:
D:1:      ldierk_water_garden, layout_basic, serial_aquarium,
          aquarium_bridge_straight [aquarium_subvault_bridge,
          aquarium_subvault_window, aquarium_subvault_bridge,
          aquarium_subvault_balcony], aquarium_window_double, aquarium_window_1,
          aquarium_view_2b, aquarium_view_2b, aquarium_balcony_double_4,
          aquarium_pool_2
D:2:      layout_loops_cross, lemuel_old_faithful

Skill      XL: |  1  2 |
---------------+-------+-----
Stealth        | 1 |  1.6
Fighting       | |  1.7
Dodging        | |  2.3
Unarmed Combat | |  3.2
Spellcasting   | |  2.3
Transmutations | |  2.4

Action                   || total
-------------------------++-------
Melee: Unarmed           ||    79
       Constrict         ||    21
       Kick              ||    16
       Tentacles         ||    11
       Punch             ||     2
 Cast: Beastly Appendage ||    10
       Wereblood         ||     2
 Stab: Sleeping          ||     6
Armor: Skin              ||     4
Dodge: Dodged            ||    39

Table legend: (Time is in decaauts)
 A = Elapsed time spent in this place.
 B = Non-inter-level travel time spent in this place.
 C = Inter-level travel time spent in this place.
 D = Time resting spent in this place.
 E = Time spent auto-exploring this place.
 F = Levels seen in this place.
 G = Mean time per level.
                   A        B        C        D        E       F      G
               +--------+--------+--------+--------+--------+-----+--------+
         Total |   1632 |   1588 |     44 |     72 |   1197 |   2 |  816.0 |
       Dungeon |   1632 |   1588 |     44 |     72 |   1197 |   2 |  816.0 |
               +--------+--------+--------+--------+--------+-----+--------+

Top non-repeatable levels by time:
     D:1: 1505 daAuts
     D:2: 126 daAuts
